 Dungeon Crawl Stone Soup version 0.29-a0-371-g91724d5b39 (webtiles) character file.

Game seed: 871046537868344327

11510 sammy202020 the Cleaver (level 11, 0/107 HPs)
             Began as a Minotaur Berserker on May 2, 2022.
             Was a High Priest of Trog.
             Slain by an orc priest
             ... wielding a +0 hand axe
              (2 damage)
             ... while petrified by Jorgrun
             ... on level 2 of the Orcish Mines.
             The game lasted 00:18:44 (11158 turns).

sammy202020 the Cleaver (Minotaur Berserker)       Turns: 11158, Time: 00:18:44

Health: 0/107      AC: 30    Str: 23    XL:     11   Next: 50%
Magic:  10/10      EV: -1    Int:  8    God:    Trog [*****.]
Gold:   801        SH:  0    Dex: 11    Spells: 10/10 levels left

rFire   + . .      SeeInvis .   t - +4 war axe (vorpal)
rCold   . . .      Faith    .   (no shield)
rNeg    + + +      Spirit   .   g - +9 crystal plate armour "Noafan" {rPois Dex+2 Stlth+}
rPois   ∞          Reflect  .   y - +2 hat
rElec   .          Harm     .   (no cloak)
rCorr   +          Rampage  .   (no gloves)
Will    .....                   (no boots)
Stlth   ..........              (no amulet)
HPRegen 0.27/turn               r - ring of resist corrosion
MPRegen 0.12/turn               H - ring of protection from fire

@: petrified, grasped by roots, constricted, studying Dodging
A: horns 2, retaliatory headbutt
a: Renounce Religion, Berserk, Trog's Hand, Brothers in Arms


You were on level 2 of the Orcish Mines.
You worshipped Trog.
Trog was extremely pleased with you.
You visited 2 branches of the dungeon, and saw 11 of its levels.

You collected 1226 gold pieces.
You spent 425 gold pieces at shops.

Inventory:

Hand Weapons
 b - a +5 flail
 o - a +3 scimitar of flaming
 t - a +4 vorpal war axe (weapon)
Missiles
 B - 6 boomerangs (quivered)
Armour
 g - the +9 crystal plate armour "Noafan" (worn) {rPois Dex+2 Stlth+}
   (You found it on level 8 of the Dungeon)

   Dex:       It affects your dexterity (+2).
   rPois:     It protects you from poison.
   Stlth:     It makes you more stealthy.
 x - a +0 plate armour
 y - a +2 hat (worn)
Jewellery
 d - a ring of poison resistance
 j - a ring of ice
 r - a ring of resist corrosion (left hand)
 w - a ring of see invisible
 D - a +6 ring of strength
 H - a ring of protection from fire (right hand)
 I - a ring of ice
Wands
 c - a wand of flame (11)
 C - a wand of charming (5)
 E - a wand of iceblast (3)
Scrolls
 e - 3 scrolls of silence
 f - a scroll of blinking
 p - 2 scrolls of amnesia
 q - a scroll of enchant weapon
 z - a scroll of teleportation
 A - 2 scrolls of identify
 F - a scroll of enchant armour {unknown}
 G - a scroll of summoning
Potions
 a - 3 potions of flight
 h - 3 potions of curing
 i - a potion of might
 k - a potion of magic
 l - a potion of mutation
 m - 2 potions of ambrosia
 n - a potion of heal wounds
 s - a potion of haste
 u - a potion of brilliance
 v - a potion of invisibility {unknown}


   Skills:
 * Level 13.1 Fighting
 * Level 13.2 Axes
 + Level 9.3 Armour
 + Level 10.5 Dodging


You had 10 spell levels left.
You didn't know any spells.
Your spell library was empty.

Dungeon Overview and Level Annotations

Branches:
Dungeon (9/15)             Temple (0/1) D:4             Orc (2/2) D:9
   Lair: D:8-11         Elf: Orc:2

Altars:
Ashenzari
Makhleb
Qazlal
Vehumet
Xom
Beogh

Shops:
D:9 *

Annotations:
Orc:2 Jorgrun


Innate Abilities, Weirdness & Mutations

You have a pair of horns on your head.
You reflexively headbutt those who attack you in melee.


Message History

The orc warrior is healed somewhat.
The orc warrior hits you with a +0 halberd!
The orc hits you but does no damage. Jorgrun casts a spell at you.
Roots burst forth from the earth!
The grasping roots grab you! The grasping roots constrict you!
The orc priest hits you but does no damage.
The orc warrior hits you with a +0 halberd.
The orc hits you but does no damage.
Jorgrun hits you with a +0 vorpal quarterstaff!
The grasping roots constrict you.
The orc priest hits you but does no damage.
The orc warrior hits you but does no damage.
The orc hits you but does no damage.
Jorgrun hits you with a +0 vorpal quarterstaff!
* * * LOW HITPOINT WARNING * * *
x2 The grasping roots constrict you!
* * * LOW HITPOINT WARNING * * *
The orc priest hits you but does no damage.
The orc warrior hits you with a +0 halberd!
* * * LOW HITPOINT WARNING * * *
The orc hits you but does no damage. Jorgrun casts a spell at you.
The grasping roots constrict you.
The orc priest hits you but does no damage.
The orc warrior hits you but does no damage.
The orc hits you but does no damage.
Jorgrun points at you and mumbles some strange words.
The grasping roots constrict you.
* * * LOW HITPOINT WARNING * * *
The orc priest hits you but does no damage.
The orc warrior hits you but does no damage.
The orc hits you but does no damage.
Jorgrun hits you with a +0 vorpal quarterstaff!
* * * LOW HITPOINT WARNING * * *
x2 The grasping roots constrict you!
* * * LOW HITPOINT WARNING * * *
The orc priest hits you with a +0 hand axe.
You die...

...... ..
.....### ......
.......# #.$...#
......##.......
##...........#
#...........#
#........#
#<.<.....###
#.....@g...#
#.....oo....#
#......o.....#
.......##.......
.......##
......# #......#
....... #.......
....... .#....#
#.....#


You could see Jorgrun, an orc warrior, an orc priest and an orc.

Vanquished Creatures
  Erica (D:8)
  A two-headed ogre (D:8)
  An orc knight (Orc:1)
  Maggie (D:9)
  2 trolls
  2 wraiths (D:9)
  2 wyverns (D:9)
  16 yaks
  Grum (D:8)
  An acid dragon (D:7)
  A water moccasin (D:6)
  12 orc warriors
  An ice beast (D:7)
  2 black bears
  5 ogres
  2 wolves (D:8)
  3 centaurs
  The ghost of holysushi the Cutter, an amateur KoMo (D:3)
  2 kobold brigands (D:9)
  6 bullfrogs
  A necrophage (D:4)
  4 scorpions
  5 wights (D:6)
  20 killer bees
  4 howler monkeys
  3 jellies
  15 orc priests
  6 hounds
  4 iguanas
  18 orc wizards
  An adder (D:4)
  2 shadow imps
  4 white imps
  An ufetubus (D:5)
  2 worms (D:2)
  4 dart slugs
  75 orcs
  2 ball pythons
  6 endoplasms
  4 giant cockroaches
  10 hobgoblins
  A jackal (D:3)
  2 quokkas (D:3)
  3 bats
  3 frilled lizards
  15 goblins
  19 kobolds
  5 rats
302 creatures vanquished.

Vanquished Creatures (others)
  A kobold (D:9)
1 creature vanquished.

Grand Total: 303 creatures vanquished

Notes
Turn   | Place    | Note
-------+----------+-------------------------------------------
     0 | D:1      | sammy202020 the Minotaur Berserker began the quest for the
                  | Orb.
     0 | D:1      | Reached XP level 1. HP: 19/19 MP: 0/0
   305 | D:1      | Reached XP level 2. HP: 27/27 MP: 1/1
  1135 | D:2      | Found a faded altar of an unknown god.
  1314 | D:2      | Reached ** piety under Trog
  1318 | D:2      | Reached XP level 3. HP: 27/33 MP: 2/2
  1843 | D:2      | Reached XP level 4. HP: 25/41 MP: 3/3
  2356 | D:3      | Reached skill level 5 in Fighting
  2356 | D:3      | Reached skill level 5 in Axes
  2356 | D:3      | Reached XP level 5. HP: 32/48 MP: 4/4
  2829 | D:3      | Noticed holysushi's ghost (amateur KoMo)
  2835 | D:3      | Found a runed translucent gate.
  2835 | D:3      | Found a runed translucent gate.
  2836 | D:3      | Found a runed translucent gate.
  2860 | D:3      | Killed holysushi's ghost
  2860 | D:3      | Reached *** piety under Trog
  2861 | D:3      | Reached XP level 6. HP: 56/56 MP: 5/5
  2996 | D:3      | Found a broken altar of Ashenzari.
  3350 | D:4      | Reached XP level 7. HP: 34/63 MP: 6/6
  3853 | D:4      | Found a staircase to the Ecumenical Temple.
  4456 | D:5      | Entered Level 5 of the Dungeon
  4514 | D:5      | Reached skill level 5 in Armour
  4657 | D:5      | Reached XP level 8. HP: 70/73 MP: 7/7
  4935 | D:5      | Found a stormy altar of Qazlal.
  5061 | D:5      | Found a burning altar of Makhleb.
  5364 | D:6      | Reached skill level 5 in Dodging
  5463 | D:6      | Noticed a troll
  5473 | D:6      | Killed a troll
  6122 | D:6      | Reached XP level 9. HP: 75/82 MP: 8/8
  6581 | D:7      | Identified a scroll of acquirement
  6583 | D:7      | Acquired a manual of Dodging
  6663 | D:7      | Reached **** piety under Trog
  7219 | D:7      | Reached skill level 10 in Axes
  7222 | D:7      | Reached skill level 10 in Fighting
  7248 | D:7      | Found a flagged portal.
  8151 | D:8      | Noticed Erica
  8159 | D:8      | Killed Erica
  8160 | D:8      | Reached XP level 10. HP: 27/94 MP: 9/9
  8332 | D:8      | Found a transporter.
  8332 | D:8      | Found a transporter.
  8370 | D:8      | Identified the +9 crystal plate armour "Noafan" {rPois
                  | Dex+2 Stlth+}
  8506 | D:8      | Noticed Grum
  8513 | D:8      | Killed Grum
  8627 | D:8      | Noticed a two-headed ogre
  8634 | D:8      | Killed a two-headed ogre
  9398 | D:9      | Reached XP level 11. HP: 93/104 MP: 10/10
  9404 | D:9      | Reached ***** piety under Trog
  9404 | D:9      | Noticed Maggie
  9420 | D:9      | Killed Maggie
  9487 | D:9      | Found a radiant altar of Vehumet.
  9487 | D:9      | Found a shimmering altar of Xom.
  9630 | D:9      | Reached skill level 10 in Dodging
  9846 | D:9      | Found a staircase to the Orcish Mines.
  9922 | D:9      | Received a gift from Trog
 10044 | D:9      | Found Acov's Fire Supplies.
 10050 | D:9      | Bought a ring of protection from fire for 425 gold pieces
 10140 | Orc:1    | Entered Level 1 of the Orcish Mines
 10937 | Orc:1    | Noticed an orc knight
 10949 | Orc:1    | Killed an orc knight
 11141 | Orc:2    | Entered Level 2 of the Orcish Mines
 11142 | Orc:2    | Noticed Jorgrun
 11158 | Orc:2    | HP: 2/107 [constriction (6)]
 11158 | Orc:2    | Slain by an orc priest

Illustrated notes

Levels and vault maps discovered:
D:1:      saegor_arrival_miasma, layout_basic, serial_bayou_lagoon_b
D:2:      layout_basic, nicolae_ecumenical_oubliette,
          hangedman_abyss_or_decor_lesser_grid, guppyfry_early_orc_mine
D:3:      layout_loops_ring, nicolae_overflow_hidden_temple,
          gammafunk_ghost_split
D:4:      layout_loops_cross, minmay_temple_entry_statues_fountains
D:5:      layout_basic, nicolae_qazlal_eye_of_the_storm,
          mainiacjoe_overflow_24_doors
D:6:      layout_gridville
D:7:      layout_layer_cave, enter_bailey_3
D:8:      gammafunk_beogh_shrine, layout_rooms, uniq_erica, uniq_grum
D:9:      layout_loops_ring, mainiacjoe_overflow_divided_tiny,
          hiddenorc1_lemuel, grunt_ministairs_3, nicolae_shop_fire_sale
          [nicolae_sub_dead_trees], uniq_maggie
Orc:1:    layout_caves, nicolae_volcano_entry_two_sided
Orc:2:    st_orc_congregation, layout_diamond_mine, serial_shops,
          nicolae_shop_hallway_plus, uniq_jorgrun

Skill      XL: |  1  2  3  4  5  6  7  8  9 10 11 |
---------------+----------------------------------+-----
Fighting       | 4 5 6 7 8 10 12 13 | 13.1
Axes           | 4 5 6 7 9 10 12 13 | 13.2
Armour         | 3 4 5 6 7 8 9 |  9.3
Dodging        | 3 4 5 7 9 10 | 10.5

Action                   |  1- 3 |  4- 6 |  7- 9 | 10-12 || total
-------------------------+-------+-------+-------+-------++-------
Melee: Hand axe          |    58 |       |       |       ||    58
       Headbutt          |    12 |     9 |    38 |    57 ||   116
       Punch             |     1 |     1 |     4 |     4 ||    10
       War axe           |    29 |    86 |   234 |   244 ||   593
Throw: Boomerang         |       |       |     1 |       ||     1
Invok: Berserk           |     2 |     2 |     4 |     3 ||    11
       Trog's Hand       |     1 |     1 |     2 |     4 ||     8
  Use: Scroll            |       |    10 |     6 |     5 ||    21
       Potion            |       |       |       |     2 ||     2
 Stab: Sleeping          |     1 |       |       |       ||     1
Armor: Animal skin       |     5 |       |       |       ||     5
       Ring mail         |    10 |    23 |     1 |       ||    34
       Leather armour    |     4 |       |       |       ||     4
       Scale mail        |       |       |    21 |       ||    21
       Chain mail        |       |       |   115 |     3 ||   118
       Crystal plate arm |       |       |       |   199 ||   199
       Plate armour      |       |       |       |     4 ||     4
Dodge: Dodged            |    42 |    56 |   116 |   104 ||   318

Table legend: (Time is in decaauts)
 A = Elapsed time spent in this place.
 B = Non-inter-level travel time spent in this place.
 C = Inter-level travel time spent in this place.
 D = Time resting spent in this place.
 E = Time spent auto-exploring this place.
 F = Levels seen in this place.
 G = Mean time per level.
                   A        B        C        D        E       F      G
               +--------+--------+--------+--------+--------+-----+--------+
         Total |  11304 |  11073 |    231 |    609 |   8651 |  11 | 1027.6 |
       Dungeon |  10288 |  10057 |    231 |    314 |   8084 |   9 | 1143.1 |
  Orcish Mines |   1016 |   1016 |      0 |    295 |    567 |   2 |  508.0 |
               +--------+--------+--------+--------+--------+-----+--------+

Top non-repeatable levels by time:
     D:7: 1561 daAuts
     D:6: 1291 daAuts
     D:1: 1167 daAuts
     D:4: 1154 daAuts
     D:3: 1151 daAuts
     D:9: 1113 daAuts
     D:2: 1073 daAuts
   Orc:1: 1000 daAuts
     D:8: 926 daAuts
     D:5: 849 daAuts
   Orc:2: 16 daAuts
